 Dungeon Crawl Stone Soup version 0.30.0-5-g1a98f26d00 (webtiles) character file.

Game seed: 9185674543648585361

219 SnakkuSnakku7 the Sneak (level 5, -6/29 HPs)
             Began as a Vampire Hedge Wizard on May 12, 2023.
             Was an Initiate of Ru.
             Mangled by an orc priest
             ... wielding a +2 whip of electrocution
              (14 damage)
             ... on level 3 of the Dungeon.
             The game lasted 00:03:50 (2370 turns).

SnakkuSnakku7 the Sneak (Vampire Hedge Wizard)      Turns: 2370, Time: 00:03:51

Health: -6/29      AC: 16    Str: 12 (14) XL:     5   Next: 64%
Magic:  17/18      EV:  2    Int: 15 (17) God:    Ru [......]
Gold:   170        SH:  0    Dex: 11 (13) Spells: 9/10 levels left

rFire   . . .        a - +4 mace (protect)
rCold   . . .        (no shield)
rNeg    . . .        r - +4 plate armour of Starshine {MP+9 Str+3}
rPois   .            q - +0 helmet
rElec   .            x - +0 cloak
rCorr   .            (no gloves)
SInv    +            (no boots)
Will    .....        (no amulet) Stlth
                     (no ring)
HPRegen 0.44/turn    (no ring)
MPRegen 0.16/turn

%: no passive effects
@: mighty, very slightly contaminated, healing quickly
A: alive, fangs 3, see invisible, vampiric 2, [frail 2]
a: Exsanguinate, Renounce Religion


You were on level 3 of the Dungeon.
You worshipped Ru.
Ru was noncommittal.
You visited 2 branches of the dungeon, and saw 6 of its levels.

You collected 170 gold pieces.

Inventory:

Hand Weapons
 a - a +4 mace of protection (weapon)
 j - a +0 dagger
Missiles
 m - 12 poisoned darts (quivered)
Armour
 b - a +0 robe
 c - a +0 hat
 q - a +0 helmet (worn)
 r - the +4 plate armour of Starshine (worn) {MP+9 Str+3}
   (You found it on level 2 of the Dungeon)

   Str:       It affects your strength (+3).
   MP:        It affects your magic capacity (+9).
 x - a +0 cloak (worn)
Jewellery
 i - a ring of fire
 s - an amulet of reflection
Scrolls
 g - 4 scrolls of identify {unknown}
 h - a scroll of vulnerability {unknown}
 l - a scroll of noise {unknown}
 o - a scroll of teleportation {unknown}
 u - a scroll of summoning {unknown}
 v - a scroll of poison {unknown}
 w - a scroll of magic mapping {unknown}
Potions
 d - a potion of magic
 e - 2 potions of attraction {unknown}
 f - a potion of might
 k - 2 potions of curing {unknown}
 n - a potion of lignification {unknown}
 p - a potion of flight {unknown}
 t - 2 potions of haste {unknown}


   Skills:
 - Level 1.3 Fighting
 + Level 2.8 Maces & Flails
 + Level 2.6 Throwing
 - Level 2.1 Dodging
 - Level 3.0 Stealth
 - Level 1.3 Unarmed Combat
 - Level 3.0 Spellcasting
 - Level 0.6 Conjurations
 - Level 1.0 Summonings
 - Level 0.7 Translocations


You had 9 spell levels left.
You knew the following spells:

 Your Spells              Type           Power      Damage    Failure   Level
a - Magic Dart            Conj           16%        1d3       100%        1

Your spell library contained the following spells:

 Spells                   Type           Power      Damage    Failure   Level
 Apportation              Tloc           8%         N/A       100%        1
 Necrotise                Necr           8%         1d4       100%        1
 Slow                     Hex            8%         N/A       100%        1
 Summon Small Mammal      Summ           20%        N/A       100%        1
 Blink                    Tloc           8%         N/A       100%        2
 Call Imp                 Summ           10%        N/A       100%        2
 Cigotuvi's Dreadful Rot  Necr/Pois/Air  4%         N/A       100%        2
 Ignite Poison            Fire/Tmut/Pois 2%         N/A       100%        3
 Mephitic Cloud           Conj/Pois/Air  2%         N/A       100%        3
 Freezing Cloud           Conj/Ice/Air   1%         6-21      100%        5


Dungeon Overview and Level Annotations

Branches:
Dungeon (5/15)             Temple (1/1) D:4

Altars:
Ashenzari
Dithmenos
Gozag
Makhleb
Ru
Sif Muna
Trog
Uskayaw
Xom
Yredelemnul

Shops:
D:5 [


Innate Abilities, Weirdness & Mutations

Your natural rate of healing is accelerated.
You have razor-sharp teeth.
You have supernaturally acute eyesight. (SInv)
You are afflicted with vampirism and can become a bat while bloodless.
[You are very frail. (-20% HP)]


Message History

An orc priest is nearby!
Aiming: Magic Dart (safe; 100% risk of failure)
Press: ? - help, Q - select action, (/) - cycle Shift-Dir - straight line, f - orc priest
Aim: an orc priest, wielding a +2 whip of electrocution and wearing a +0 leather armour (100% to hit)
You miscast Magic Dart.
You are very lightly contaminated with residual magic.
Nothing appears to happen.
Aiming: Magic Dart (safe; 100% risk of failure)
Press: ? - help, Q - select action, (/) - cycle Shift-Dir - straight line, f/p - orc priest
Aim: an orc priest, wielding a +2 whip of electrocution and wearing a +0 leather armour (100% to hit)
You miscast Magic Dart.
Nothing appears to happen.
The orc priest looks encouraged for a moment.
An orc comes into view. It is wielding a +0 whip.
You closely miss the orc priest.
You bite the orc priest, but do no damage.
The orc priest hits you but does no damage.
Unknown command.
Throw: 14 darts (poison)
Press: ? - help, Q - select action, (/) - cycle Shift-Dir - straight line, f/p - orc priest
Aim: an orc priest, wielding a +2 whip of electrocution and wearing a +0 leather armour (56% to hit)
You throw a poisoned dart. The poisoned dart hits the orc priest!
The orc priest is poisoned.
A kobold comes into view. It is wielding a +0 dagger.
The orc priest hits you but does no damage.
You are electrocuted!
Ouch! That really hurt!
Throw: 13 darts (poison)
Press: ? - help, Q - select action, (/) - cycle Shift-Dir - straight line, f/p - orc priest
Aim: an orc priest, wielding a +2 whip of electrocution and wearing a +0 leather armour (lightly wounded, very poisoned, 56% to hit)
You throw a poisoned dart. The poisoned dart hits the orc priest.
The orc priest looks even sicker.
The orc priest is lightly wounded.
The orc priest hits you with a +2 whip of electrocution.
Okay, then.
It was a potion of might.
You feel very mighty all of a sudden.
The orc priest hits you with a +2 whip of electrocution.
* * * LOW HITPOINT WARNING * * *
You are electrocuted!
You die...

# .## ...###
######...K...
#...@oo......
#.####......# #.#
...#.# # #.#
.##.# #.##†##
##<# #.#...####.#
#.# #.......).#
.o.
###...####.#.#..#
##.## .##o.#


You could see an orc priest (very poisoned), an orc and a kobold.

Vanquished Creatures
  A scorpion (D:5)
  An iguana (D:5)
  Robin (D:2)
  5 adders
  3 worms
  3 dart slugs
  An orc (D:4)
  2 ball pythons
  6 endoplasms
  4 giant cockroaches
  15 goblins
  4 hobgoblins
  2 jackals (D:4)
  2 bats (D:2)
  4 frilled lizards
  4 kobolds
  4 rats
62 creatures vanquished.

Notes
Turn   | Place    | Note
-------+----------+-------------------------------------------
     0 | D:1      | SnakkuSnakku7 the Vampire Hedge Wizard began the quest for
                  | the Orb.
     0 | D:1      | Reached XP level 1. HP: 13/13 MP: 4/4
   119 | D:1      | Reached skill level 1 in Unarmed Combat
   225 | D:1      | Reached skill level 1 in Fighting
   225 | D:1      | Reached XP level 2. HP: 15/21 MP: 6/6
   954 | D:2      | Gained mutation: You are afflicted with vampirism and can
                  | become a bat while bloodless. [Vampire growth]
   954 | D:2      | Reached XP level 3. HP: 16/26 MP: 2/7
  1001 | D:2      | Noticed Robin
  1017 | D:2      | Reached skill level 1 in Maces & Flails
  1080 | D:2      | Reached skill level 1 in Throwing
  1192 | D:2      | Killed Robin
  1193 | D:2      | Reached XP level 4. HP: 25/32 MP: 8/8
  1252 | D:2      | Identified the +4 plate armour of Starshine {MP+9 Str+3}
  1500 | D:3      | You fall into a shaft and drop 2 floors!
  1500 | D:5      | Entered Level 5 of the Dungeon
  1514 | D:5      | Found Qaki's Antique Armour Shop.
  1569 | D:5      | Found a basalt altar of Yredelemnul.
  1622 | D:5      | Noticed a scorpion
  1647 | D:5      | Killed a scorpion
  1648 | D:5      | Reached XP level 5. HP: 11/29 MP: 9/9
  1713 | D:5      | Noticed an orc warrior
  2027 | D:4      | Found a staircase to the Ecumenical Temple.
  2037 | Temple   | Entered the Ecumenical Temple
  2075 | Temple   | Became a worshipper of Ru the Awakened
  2248 | D:3      | Found a faded altar of an unknown god.
  2370 | D:3      | Mangled by an orc priest

Illustrated notes

Levels and vault maps discovered:
D:1:      dpeg_arrival_houses_and_road, layout_loops_corners,
          nicolae_concentric_dashed_squares_wild
D:2:      layout_basic, uniq_robin
D:3:      due_chaos_kobolds, layout_loops_ring, shapermc_ecumenical_altar_venn,
          minmay_goblin_kobold_house
D:4:      minmay_chambers_of_threes, layout_gridville, minmay_temple_entry_hall
D:5:      layout_basic, kennysheep_ying_yang, serial_shops,
          nicolae_shop_rolling_square, uniq_duvessa
Temple:   nicolae_temple_bog_church

Skill      XL: |  1  2  3  4 |
---------------+-------------+-----
Unarmed Combat | 1 |  1.3
Fighting       | 1 |  1.3
Maces & Flails | 1 2 |  2.8
Throwing       | 1 2 |  2.6
Dodging        | |  2.1
Stealth        | |  3.0
Spellcasting   | |  3.0
Conjurations   | |  0.6
Summonings     | |  1.0
Translocations | |  0.7

Action                     |  1- 3 |  4- 6 || total
---------------------------+-------+-------++-------
  Melee: Dagger            |    37 |       ||    37
         Bite              |     9 |     8 ||    17
         Punch             |     1 |       ||     1
         Mace              |    54 |    84 ||   138
  Throw: Dart              |       |     2 ||     2
   Cast: Magic Dart        |     9 |       ||     9
Ability: Exsanguinate      |       |     2 ||     2
         Revivify          |       |     2 ||     2
         End Transformatio |       |     1 ||     1
         Bat Form          |       |     1 ||     1
    Use: Potion            |       |     1 ||     1
   Stab: Sleeping          |     1 |       ||     1
 Armour: Robe              |    18 |       ||    18
         Plate armour      |       |    99 ||    99
  Dodge: Dodged            |    56 |    24 ||    80
